AoeStats
← ersoy_f

Arabia

510564600Analyzed
1v1 RM · 2d ago on Oct 1, 2026· 140m 29s· 2 players
Game mode
Random Map
Map size
Tiny (2 player)
Population
200
Speed
Normal
Resources
Standard
Victory
Conquest
Starting age
Dark Age
Ending age
Imperial Age
RankedLock teamsTeams togetherTeam positionsShared explorationLock speedFull tech treeHidden civsTurbo modeCheats
Victory
Defeat
🇹🇷 Italians · Türkiye
783
+16
🇳🇱 Mongols · Netherlands
792
-16
ersoy_f
11:38 Feudal Age
12:32 Double-Bit Axe
13:01 Horse Collar
13:27 Man-at-Arms
19:17 Forging
19:08 Scale Mail Armor
23:25 Castle Age
21:41 Stone Mining
22:34 Gold Mining
30:28 Bow Saw
30:41 Padded Archer Armor
30:32 Fletching
32:19 Leather Archer Armor
32:00 Bodkin Arrow
43:02 Town Watch
43:56 Heavy Plow
44:35 Town Patrol
47:07 Wheelbarrow
47:59 Thumb Ring
52:05 Imperial Age
52:23 Hand Cart
52:59 Squires
53:22 Conscription
54:22 Stone Shaft Mining
55:28 Husbandry
55:38 Bloodlines
54:53 Cavalier
56:55 Ring Archer Armor
56:25 Bracer
56:31 Scale Barding Armor
56:54 Ballistics
57:35 Chemistry
56:20 Arrowslits
57:48 Chain Mail Armor
58:34 Crop Rotation
61:44 Plate Mail Armor
61:50 Iron Casting
62:23 Two-Man Saw
61:17 Elite Skirmisher
64:33 Chain Barding Armor
65:14 Blast Furnace
75:48 Elite Genoese Crossbowman
90:02 Guilds
96:49 Light Cavalry
97:32 Hussar
99:56 Plate Barding Armor
PaidOrange1302
0:54 Loom
10:34 Feudal Age
16:28 Castle Age
15:53 Horse Collar
16:03 Double-Bit Axe
16:35 Bloodlines
17:37 Heavy Plow
26:31 Gold Mining
37:19 Elite Skirmisher
40:19 Padded Archer Armor
40:09 Fletching
42:06 Bodkin Arrow
42:26 Leather Archer Armor
43:55 Thumb Ring
46:35 Imperial Age
45:03 Ballistics
44:39 Murder Holes
44:56 Masonry
48:14 Parthian Tactics
51:31 Chemistry
50:36 Siege Engineers
53:13 Elite Mangudai
55:57 Bracer
61:10 Conscription
66:45 Scale Mail Armor
66:56 Forging
67:36 Wheelbarrow
66:47 Town Watch
67:32 Pikeman
69:11 Hoardings
69:00 Scale Barding Armor
69:32 Iron Casting
69:12 Chain Mail Armor
70:18 Squires
70:09 Arson
75:26 Light Cavalry
77:15 Blast Furnace
76:36 Chain Barding Armor
76:50 Plate Mail Armor
76:08 Hussar
76:49 Husbandry
84:13 Nomads
84:21 Nomads
89:52 Hand Cart
90:34 Bow Saw
98:46 Town Patrol
132:01 Heavy Camel Rider
Connection lost

Rejoining the realm…

Still unreachable

The connection could not be restored.

Session expired

The server has moved on; the page needs a fresh start.